[Event "Azerbaijan Men-ch Final 2024"]
[Site "Baku"]
[Date "2024.04.24"]
[Round "2.1"]
[White "Muradli, Mahammad"]
[Black "Suleymanli, Aydin"]
[Result "1/2-1/2"]
[ECO "D50"]
[WhiteElo "2555"]
[BlackElo "2607"]
[Annotator "TA"]
[PlyCount "127"]
[EventDate "2024.04.20"]
[EventType "k.o."]
[EventCountry "AZE"]
[SourceTitle "playchess.com"]
[Source "ChessBase"]
[SourceQuality "1"]
[TimeControl "5400+30"]

1. d4 Nf6 2. c4 e6 3. Nf3 d5 4. Nc3 c5 5. cxd5 cxd4 6. Qxd4 exd5 7. Bg5 Be7 8. e3 O-O {[%emt 0:00:09] D50: Queen's Gambit Declined: Dutch-Peruvian Gambit.} 9. Bd3 Nc6 10. Qa4 h6 11. Bh4 Bd7 12. Rd1 $146 ({Predecessor:} 12. Qd1 Bg4 13. h3 Bxf3 14. Qxf3 d4 15. Bxf6 Bxf6 16. Nd5 Bg5 17. e4 Qa5+ 18. Kf1 {½-½ Duda,J (2738)-Grischuk,A (2778) FIDE World Cup 2021 (5.2)}) 12... Ne5 13. Qd4 Nc6 14. Qa4 Ne5 15. Qf4 Nxd3+ 16. Rxd3 Rc8 17. O-O Rc4 18. Qe5 Be6 19. Nxd5 Bxd5 20. Bxf6 Bxf6 21. Qxd5 Qxd5 22. Rxd5 Ra4 23. Rb5 Rxa2 24. Rxb7 Bxb2 25. h4 Ra8 26. g4 a5 27. Rb1 Bc3 28. R1b3 Bb4 29. Rd3 Rb2 30. Rdd7 a4 31. Rxf7 Bc3 32. Ra7 Rbb8 33. Rfc7 a3 34. Rxa8 Rxa8 35. Rxc3 a2 36. Rc1 a1=Q 37. Rxa1 Rxa1+ 38. Kg2 Kf7 39. h5 Kf6 40. Kg3 Ra4 41. Nh4 Ke5 42. f3 Ra7 43. Ng6+ Kd5 44. Nh4 Ke5 45. e4 Rb7 46. Ng2 Rb3 47. Nf4 Rb7 48. Nh3 Rb1 49. Nf4 Rb7 50. Ng6+ Kd4 51. Kf4 Rf7+ 52. Kg3 Rb7 53. e5 Kd5 54. f4 $1 Rb3+ 55. Kh4 Ke6 56. f5+ Kf7 57. Nf4 $1 Rf3 58. Nd5 Rd3 59. e6+ Kf8 60. Nf4 Rf3 61. Ng6+ Ke8 62. Ne5 Re3 63. Ng6 Rf3 64. Ne5 1/2-1/2

[Event "Azerbaijan Men-ch Final 2024"]
[Site "Baku"]
[Date "2024.04.24"]
[Round "2.1"]
[White "Babazada, Khazar"]
[Black "Rasulov, Vugar"]
[Result "0-1"]
[ECO "C77"]
[WhiteElo "2474"]
[BlackElo "2551"]
[Annotator "TA"]
[PlyCount "88"]
[EventDate "2024.04.20"]
[EventType "k.o."]
[EventCountry "AZE"]
[SourceTitle "playchess.com"]
[Source "ChessBase"]
[SourceQuality "1"]
[TimeControl "5400+30"]

1. e4 e5 2. Nf3 Nc6 3. Bb5 a6 4. Ba4 Nf6 5. O-O Be7 6. d3 b5 7. Bb3 d6 8. a3 O-O 9. Nc3 Na5 10. Ba2 Be6 11. Nd5 Nxd5 {[%emt 0:00:20] The position is equal.} 12. Bxd5 Bxd5 13. exd5 f5 14. b4 Nb7 15. c4 Bf6 {[%emt 0:01:40] [#] ...e4 is the strong threat.} 16. Bb2 Qd7 17. Rc1 bxc4 18. dxc4 a5 19. Ra1 Rfb8 20. Qc2 g6 21. Bc3 Qg7 22. Rfd1 axb4 23. axb4 Rxa1 24. Bxa1 (24. Rxa1 $2 e4 25. Bxf6 Qxf6 $19) 24... Nd8 25. Qa4 Nf7 26. Bc3 Qf8 27. Qd7 ({White should try} 27. Ra1 $14) 27... Rd8 (27... Ra8 $5) 28. Qe6 Kg7 29. Ra1 Ra8 {[%emt 0:00:53] [#] Dodges Ra7. White must now prevent ...Rxa1+.} 30. Ra5 Qb8 {[%emt 0:00:14] ...Rxa5 would now be deadly.} 31. Nd2 Qd8 {[%emt 0:01:04] Prevents Qd7. And now ...Rxa5 would win.} 32. f4 Qb8 33. fxe5 $2 (33. Kf1 $11 {and White has nothing to worry.}) 33... Bxe5 $19 34. Bxe5+ dxe5 35. Rxa8 {[%emt 0:06:34] Loses the game.} (35. h4 $17 {was necessary.}) 35... Qxa8 $11 {[%emt 0:00:07][%mdl 4096] Endgame. KQN-KQN} 36. Qe7 $2 (36. Kf2 Qa7+ 37. c5) 36... Qa1+ $19 37. Kf2 Qd1 38. Ke3 e4 39. Qh4 {[%emt 0:04:03] Repels Qe1+} (39. Nxe4 fxe4 40. Qxe4 Qe1+ 41. Kd3 Qxb4 42. Kc2) 39... Qc2 $2 (39... g5 40. Qf2 Nd6) 40. Ke2 $2 (40. Nxe4 fxe4 41. Qxe4 Qc3+ 42. Ke2) 40... Qd3+ {[%emt 0:00:00] Black is clearly winning.} 41. Ke1 g5 {[%emt 0:00:00] Against Qf4} 42. Qh5 e3 43. Nf3 {[%emt 0:00:00][%cal Oh5f7] Hoping for Qxf7+!} Qc3+ (43... Qxc4 $2 {loses.} 44. Qxf7+ (44. Nxg5 {leads to mate.} Qc3+ 45. Kf1 Qc1+ 46. Ke2 Qd2+ 47. Kf3 Qf2#) 44... Kxf7 45. Ne5+ (45. Nxg5+ {gets mated.} Ke7 46. Nf3 Qa2 47. h3 Qxg2 48. d6+ Kxd6 49. Kd1 Qb2 50. b5 Kd5 51. h4 Ke4 52. Ke1 Kxf3 53. h5 Qe2#) 45... Ke7 46. Nxc4 $18) 44. Ke2 f4 {[%emt 0:00:00] Weighted Error Value: White=0.69/Black=0.30.  Loses game:     	White=1     	---        Mistake:       	White=5     	Black=1      OK:         	White=13    	Black=10     Best:        	White=1     	Black=1} 0-1

[Event "Azerbaijan Men-ch Final 2024"]
[Site "Baku"]
[Date "2024.04.25"]
[Round "2.2"]
[White "Suleymanli, Aydin"]
[Black "Muradli, Mahammad"]
[Result "1-0"]
[ECO "B90"]
[WhiteElo "2607"]
[BlackElo "2555"]
[Annotator "TA"]
[PlyCount "81"]
[EventDate "2024.04.20"]
[EventType "k.o."]
[EventCountry "AZE"]
[SourceTitle "playchess.com"]
[Source "ChessBase"]
[SourceQuality "1"]
[TimeControl "5400+30"]

1. e4 {[%emt 0:01:45] Ter Sahakyan,Samvel} c5 2. Nf3 d6 3. d4 cxd4 4. Nxd4 Nf6 5. Nc3 a6 6. Bd3 e5 7. Nde2 Be6 8. f4 {[%emt 0:00:05] B90: Sicilian Najdorf: Unusual White 6th moves, 6 Be3 Ng4 and 6 Be3 e5.} Be7 9. O-O exf4 {[%emt 0:00:16] 9...exf4 is better than 9...0-0.} 10. Nxf4 Nc6 11. Kh1 $5 {[%emt 0:02:14][%mdl 4] An interesting side line.} Ne5 12. b3 O-O 13. Bb2 Re8 14. Qe1 g6 15. Rd1 Bf8 16. Nxe6 $146 ({Predecessor:} 16. h3 Rc8 17. Qf2 Bg7 18. Na4 Qe7 19. Nb6 Rc6 20. Bd4 Qc7 21. Qg1 Qe7 22. c4 {1-0 Sindarov,J (2629)-Ter Sahakyan,S (2625) Olympiad-44 Chennai 2022 (9.3)}) 16... fxe6 (16... Rxe6 $5 17. Qf2 Bg7 $11) 17. Ne2 {[%emt 0:12:54] Bxe5 would now be deadly.} Nfd7 18. Bc4 Qb6 19. Qc3 Bg7 20. Qh3 Nc5 21. Nf4 Nxc4 22. Bxg7 Kxg7 23. bxc4 Qc7 24. Qg4 Qe7 25. Rf3 (25. Nh5+ Kh8 26. Nf4 (26. Nf6 Rf8 $17) 26... Rac8) (25. e5 $11 {should be considered.} dxe5 26. Nh5+ Kh8 27. Qe2 (27. Nf6 Rf8 $17)) 25... Rf8 (25... Nd7 $1 $15 26. c5 dxc5 27. Qxe6 (27. Nxe6+ $2 Kg8 $17) 27... Ne5) 26. Rdf1 $11 Rae8 (26... Kh8 $11 {remains equal.}) 27. Nh5+ $16 Kh8 28. Nf6 Rc8 {[%emt 0:00:57] [#]} (28... Rd8 $142) 29. Qxg6 $3 Nd7 (29... hxg6 30. Rh3+ Kg7 31. Rh7#) 30. Qh6 $40 {[%emt 0:00:25][%mdl 128] White wants a kill.} Nxf6 31. Rxf6 Rxf6 32. Rxf6 $18 {[%emt 0:00:06][%mdl 4096] Endgame. KQR-KQR} (32. Qxf6+ Qxf6 33. Rxf6 Rxc4 34. Rxe6 Rxc2 $11) 32... d5 $2 (32... e5 $16 33. Kg1 (33. Rxd6 Qf8 $16) 33... Qg7) 33. cxd5 (33. Rxe6 Qf8 34. Qc1 (34. cxd5 $2 Qf1#) 34... dxc4 $16) 33... exd5 34. e5 $1 {[%emt 0:00:14] And now e6 would win.} d4 $2 (34... Rg8 35. Qf4 Qg7) 35. h3 Rg8 36. Qf4 {[%emt 0:01:34][%cal Oe5e6] Black must now prevent e6!} Qg7 37. g4 {[%emt 0:00:30][%cal Oe5e6] e6! is the strong threat.} (37. Qxd4 $2 Qxg2#) 37... Qc7 (37... Re8 {might work better.} 38. e6 (38. Qxd4 Kg8 $18) 38... Kg8) 38. Qxd4 Rd8 {[%emt 0:00:31] Wards off e6} 39. Rd6 Rf8 40. e6+ Kg8 41. Rd7 1-0

[Event "Azerbaijan Men-ch Final 2024"]
[Site "Baku"]
[Date "2024.04.25"]
[Round "2.2"]
[White "Rasulov, Vugar"]
[Black "Babazada, Khazar"]
[Result "1-0"]
[ECO "E67"]
[WhiteElo "2551"]
[BlackElo "2474"]
[Annotator "TA"]
[PlyCount "63"]
[EventDate "2024.04.20"]
[EventType "k.o."]
[EventCountry "AZE"]
[SourceTitle "playchess.com"]
[Source "ChessBase"]
[SourceQuality "1"]
[TimeControl "5400+30"]

1. d4 Nf6 2. c4 g6 3. g3 Bg7 4. Bg2 d6 5. Nf3 O-O 6. O-O Nbd7 7. Qc2 e5 8. Rd1 exd4 9. Nxd4 Re8 10. Nc3 c6 11. b3 Qb6 12. h3 Nc5 13. Rb1 a5 {[%emt 0:17:25] White is slightly better.} 14. a3 Ncd7 (14... Qc7 $11 {remains equal.}) 15. e4 $16 h5 16. Be3 {[%emt 0:00:00][%cal Od4b5] Ndb5! is the strong threat.} Qc7 17. f4 {[%emt 0:00:00] White is more active.} Nc5 18. Bf2 (18. Re1 $5) 18... Qe7 19. Re1 Nfd7 (19... h4 $1 $11 {keeps the balance.} 20. g4 (20. gxh4 Nh5 $11) 20... Bxg4) 20. b4 axb4 21. axb4 Na6 22. b5 Nab8 23. Qd2 Ra3 24. bxc6 bxc6 {[%emt 0:00:10] [#]} 25. e5 $1 dxe5 26. fxe5 {[%emt 0:00:00] aiming for e6.} (26. Nxc6 $6 Nxc6 27. Bxc6 Qe6 $11) 26... Qf8 (26... Rf8 $16 {is a better defense.}) 27. e6 $18 (27. Bxc6 Nxc6 (27... Rxe5 28. Be4 $16) 28. Nxc6 Re6 $17 (28... Nxe5 29. Nxe5 Rxe5 30. Rxe5 $17)) 27... fxe6 28. Ne4 Ba6 29. Ng5 $36 {[%emt 0:00:00][%mdl 3072] White has strong compensation. White has strong initiative.} Bh6 $2 {[%emt 0:05:24][%mdl 8192] [#]} (29... Bxd4 $16 {is more resistant.} 30. Qxd4 e5) 30. Qc2 $1 {[%emt 0:00:00] White is clearly winning.} Qf6 (30... Qg7 31. Ndxe6) 31. Ne4 ({Not} 31. Rxe6 Rxe6 32. Ngxe6 Kh7 $16 (32... c5 $2 33. Nb3 $18)) 31... Qg7 32. Nd6 {[%emt 0:00:00][%csl LRc6,LRe6,LRe8] Weighted Error Value: White=0.13 (very precise) /Black=0.41.  Loses game:     	---       	Black=1      Mistake:       	---       	Black=3      Inaccurate:     	White=3     	---        OK:         	White=7     	Black=7      Best:        	White=2     	Black=2} 1-0